 Dungeon Crawl Stone Soup version 0.32-a0-30-gefbe487952 (webtiles) character file.

Game seed: 13038435110957052735

58 Laraso the Ruffian (level 3, 36/36 HPs)
             Began as a Troll Fighter on Jan 20, 2024.
             Quit the game on level 2 of the Dungeon.
             The game lasted 00:01:05 (829 turns).

Laraso the Ruffian (Troll Fighter)                   Turns: 829, Time: 00:01:05

Health: 36/36      AC:  4    Str: 24    XL:     3   Next: 75%
Magic:  2/2        EV:  9    Int:  4    God:
Gold:   110        SH:  8    Dex: 11    Spells: 2/2 levels left

rFire   . .          .
                       - Unarmed
rCold   . . .        b - +0 kite shield
rNeg    . . .        a - +0 robe
rPois   .            (helmet restricted)
rElec   .            (no cloak)
rCorr   .            (gloves unavailable)
SInv    .            (boots unavailable)
Will    .....        (no amulet)
Stlth   +            (no ring)
HPRegen 1.06/turn    (no ring)
MPRegen 0.08/turn

%: no passive effects
@: no status effects
A: large, unfitting armour, claws 3, regeneration 1, shaggy fur 1, tough skin 1
a: no special abilities


You were on level 2 of the Dungeon.
You visited 1 branch of the dungeon, and saw 2 of its levels.

You collected 110 gold pieces.

Inventory:

Armour
 a - a +0 robe (worn)
 b - a +0 kite shield (worn)
Scrolls
 d - a scroll of enchant weapon {unknown}
 e - a scroll of identify {unknown}
 f - a scroll of silence {unknown}
 h - a scroll of vulnerability {unknown}
Potions
 c - a potion of might
 g - a potion of curing {unknown}
 i - a potion of heal wounds {unknown}


   Skills:
 - Level 2.4 Fighting
 - Level 2.4 Dodging
 - Level 2.6 Shields
 * Level 4.1 Unarmed Combat


You had 2 spell levels left.
You didn't know any spells.
Your spell library contained the following spells:

 Spells                   Type           Power      Damage    Failure   Level
 Ensorcelled Hibernation  Hex/Ice        0%         N/A       88%         2
 Passwall                 Erth           0%         N/A       98%         3
 Swiftness                Air            0%         N/A       98%         3


Dungeon Overview and Level Annotations

Branches:
Dungeon (2/15)

Altars:
Hepliaklqana


Innate Abilities, Weirdness & Mutations

You are too large for most types of armour.
You have claws for hands.
Your natural rate of healing is unusually fast.
You are covered in fur. (AC +1)
You have tough skin. (AC +1)


Message History

You closely miss the adder. You block the adder's attack.
You claw the adder!
You kill the adder!
Your Unarmed Combat skill increases to level 4!
No target in view!
No target in view!
A kobold comes into view. It is wielding a +0 short sword.
A kobold is nearby!
A kobold is nearby!
A kobold is nearby!
The kobold shouts!
No target in view!
No target in view!
No target in view!
A kobold is nearby!
The kobold hits you but does no damage.
You claw the kobold!
You kill the kobold!
No target in view!
No target in view!
Found a stone staircase leading down.
Things that are here:
a +0 short sword; a kobold corpse
There is a stone staircase leading down here.
A malevolent force fills the Dungeon... and a teleportation trap spontaneously manifests!
You are yanked towards some nearby monsters!
Your surroundings suddenly seem different.
An orc, an endoplasm and a giant cockroach come into view.
Found 16 gold pieces and a scroll labelled LOL JIFETS.
Found a hazy altar of Hepliaklqana.
The orc shouts!
A goblin comes into view. It is wielding a +0 dagger.
There are monsters nearby!
Unknown command.
Saving game... please wait.
Welcome back, Laraso the Troll Fighter.
Press ? for a list of commands and other information.
Annotate which branch? (. - D:2, ? - help, ! - show branch list)
Okay, then.
Are you sure you want to abandon this character and quit the game? (Confirm with "yes".)

#######
.##...J.##
......$o.##
g.........##
...........#
.....B.@...#
........_..#
...........#
...........#
?........###
.##.....##
#######


You could see an orc, an endoplasm (wandering), a giant cockroach (wandering)
and a goblin (wandering).

Vanquished Creatures
  2 adders (D:2)
  A dart slug (D:1)
  4 bats
  An endoplasm (D:1)
  A giant cockroach (D:1)
  2 goblins
  2 hobgoblins
  7 jackals
  2 quokkas
  4 ball pythons (D:1)
  2 frilled lizards (D:1)
  4 kobolds
  2 rats
34 creatures vanquished.

Notes
Turn   | Place    | Note
-------+----------+-------------------------------------------
     0 | D:1      | Laraso the Troll Fighter began the quest for the Orb.
     0 | D:1      | Reached XP level 1. HP: 22/22 MP: 0/0
   242 | D:1      | Reached XP level 2. HP: 29/29 MP: 1/1
   373 | D:1      | Reached skill level 3 in Unarmed Combat
   702 | D:2      | Reached XP level 3. HP: 36/36 MP: 2/2
   802 | D:2      | Reached skill level 4 in Unarmed Combat
   828 | D:2      | Found a hazy altar of Hepliaklqana.
   829 | D:2      | Quit the game

Illustrated notes

Levels and vault maps discovered:
D:1:      saegor_arrival_simple_d, layout_loops_ring, minivault_19,
          minmay_tripent
D:2:      layout_rooms, basic_altar, uniq_natasha

Skill      XL: |  1  2  3 |
---------------+----------+-----
Unarmed Combat | 3 4 |  4.1
Fighting       | |  2.4
Dodging        | |  2.4
Shields        | |  2.6

Action                     || total
---------------------------++-------
  Melee: Unarmed           ||    86
 Armour: Robe              ||    56
  Dodge: Dodged            ||    30
  Block: Kite shield       ||    35

Table legend: (Time is in decaauts)
 A = Elapsed time spent in this place.
 B = Non-inter-level travel time spent in this place.
 C = Inter-level travel time spent in this place.
 D = Time resting spent in this place.
 E = Time spent auto-exploring this place.
 F = Levels seen in this place.
 G = Mean time per level.
                   A        B        C        D        E       F      G
               +--------+--------+--------+--------+--------+-----+--------+
         Total |    833 |    820 |     13 |      0 |    637 |   2 |  416.5 |
       Dungeon |    833 |    820 |     13 |      0 |    637 |   2 |  416.5 |
               +--------+--------+--------+--------+--------+-----+--------+

Top non-repeatable levels by time:
     D:1: 695 daAuts
     D:2: 138 daAuts
